 Dungeon Crawl Stone Soup version 0.30-a0-883-g5ad918d77d (webtiles) character file.

Game seed: 4811882231554315702

623 domi the Conjurer (level 7, 46/46 HPs)
             Began as a Demonspawn Conjurer on Mar 17, 2023.
             Was an Initiate of Gozag.
             Got out of the dungeon alive.
             The game lasted 00:06:33 (4125 turns).

domi the Conjurer (Demonspawn Conjurer)             Turns: 4125, Time: 00:06:34

Health: 46/46      AC:  4    Str:  3    XL:     7   Next: 22%
Magic:  10/10      EV: 12    Int: 25    God:    Gozag
Gold:   231        SH:  0    Dex: 11    Spells: 3/10 levels left

rFire   . . .      SeeInvis .    j - +2 dagger (venom)
rCold   . . .      Faith    .    (no shield)
rNeg    + + .      Spirit   +    a - +0 robe
rPois   .          Reflect  .    (helmet restricted)
rElec   .          Rampage  .    (no cloak)
rCorr   .                        (no gloves)
Will    .....                    (no boots)
Stlth   +++                      w - amulet of regeneration {+regen, !d}
HPRegen 1.07/turn                s - ring "Juarugg" {Fly rN++ Str-4 Int+3 Stlth+}
MPRegen 0.24/turn                (no ring)

@: flying
A: horns 1, molten scales 1, demonic guardian 1, magic shield, magic
regeneration
a: Renounce Religion, Potion Petition, Call Merchant, Bribe Branch


You escaped.
You worshipped Gozag.
Gozag was aware of your devotion.
You visited 2 branches of the dungeon, and saw 6 of its levels.

You collected 297 gold pieces.
You paid 66 gold pieces to Gozag.

Inventory:

Hand Weapons
 j - a +2 dagger of venom (weapon)
   (You took it off a kobold on level 2 of the Dungeon)
 y - a +6 dagger of protection
   (You took it off an orc wizard on level 5 of the Dungeon)
Armour
 a - a +0 robe (worn)
 m - a +0 helmet
   (You found it on level 2 of the Dungeon)
 r - a +0 cloak
   (You found it on level 3 of the Dungeon)
 t - the +1 robe "Watuxila" {Will+}
   (You found it on level 4 of the Dungeon)

   Will:      It increases your willpower.
Jewellery
 s - the ring "Juarugg" (left hand) {Fly rN++ Str-4 Int+3 Stlth+}
   (You found it on level 3 of the Dungeon)

   [ring of flight]

   Str:       It affects your strength (-4).
   Int:       It affects your intelligence (+3).
   rN:        It greatly protects you from negative energy.
   Fly:       It grants you flight.
   Stlth:     It makes you more stealthy.
 v - a ring of ice {rC+, rF-}
   (You found it on level 4 of the Dungeon)
 w - an amulet of regeneration (around neck) {+regen, !d}
   (You took it off an orc wizard on level 4 of the Dungeon)
Wands
 x - a wand of paralysis (9)
   (You took it off Ijyb on level 4 of the Dungeon)
Scrolls
 c - a scroll of teleportation {unknown}
 f - 5 scrolls of identify {unknown}
 g - a scroll of vulnerability {unknown}
 h - a scroll of blinking {unknown}
 l - 3 scrolls of noise {unknown}
 n - a scroll of fear {unknown}
 o - a scroll of poison {unknown}
 q - a scroll of magic mapping {unknown}
 u - a scroll of silence {unknown}
Potions
 b - a potion of lignification {unknown}
 d - a potion of mutation {unknown}
 e - a potion of cancellation {unknown}
 i - 3 potions of curing {unknown}
 k - 2 potions of degeneration {unknown}
 p - 2 potions of ambrosia {unknown}


   Skills:
 - Level 1.7 Dodging
 - Level 1.7 Stealth
 - Level 2.0 Spellcasting
 + Level 7.6 Conjurations
 + Level 3.7 Translocations


You had 3 spell levels left.
You knew the following spells:

 Your Spells              Type           Power      Damage    Failure   Level
c - Iskenderun's Mystic   Conj/Tloc      31%        2d8       11%         4
x - Searing Ray           Conj           80%        2d7       1%          2
z - Magic Dart            Conj           100%       1d8       1%          1

Your spell library contained the following spells:

 Spells                   Type           Power      Damage    Failure   Level
 Apportation              Tloc           42%        N/A       2%          1
 Kiss of Death            Conj/Necr      84%        2d11      2%          1
 Dazzling Flash           Conj/Hex       42%        N/A       7%          3
 Confusing Touch          Hex            2%         N/A       32%         3
 Fulminant Prism          Conj/Hex       10%        3d9       22%         4
 Dispel Undead            Necr           2%         3d7       73%         4
 Alistair's Intoxication  Tmut/Pois      1%         N/A       97%         5


Dungeon Overview and Level Annotations

Branches:
Dungeon (5/15)             Temple (1/1) D:4

Altars:
Ashenzari
Cheibriados
Dithmenos
Fedhas
Gozag
Makhleb
Nemelex Xobeh
Okawaru
Qazlal
Sif Muna
Trog
Wu Jian
Xom
Yredelemnul

Shops:
D:1 [   D:4 ?:

Annotations:
Temple 2 transporters


Innate Abilities, Weirdness & Mutations

You have a pair of small horns on your head.
You are partially covered in molten scales. (AC +2)
A weak demonic guardian rushes to your aid.
When hurt, damage is shared between your health and your magic reserves.
You regenerate magic rapidly.


Message History

The orc wizard flickers and vanishes!
Deactivating autopickup; reactivate with Ctrl-A.
The searing ray hits something but does no damage.
You finish channelling your searing ray.
Something hits you.
Unknown command.
You hit something.
Reactivating autopickup.
You feel a bit more experienced.
You now have 198 gold pieces (gained 6).
Things that are here:
a +6 dagger of protection; a +0 robe
Okay, then.
You start resting.
Okay, then.
y - a +6 dagger of protection
Okay, then.
You now have 204 gold pieces (gained 6).
You now have 210 gold pieces (gained 6).
Things that are here:
a +0 robe; a +0 dagger You now have 216 gold pieces (gained 6).
Things that are here:
a +0 ring mail; a +0 flail A hound comes into view.
The hound moves out of view.
You now have 223 gold pieces (gained 7).
Duvessa, Sister of Dowan comes into view.
She is wielding a +0 short sword.
Aim: Duvessa, wielding a +0 short sword and wearing a +0 leather armour (asleep, 100% to hit)
The searing ray hits Duvessa.
Duvessa shouts! (Press . to maintain the ray.)
The searing ray hits Duvessa.
The searing ray hits Duvessa.
The searing ray hits Duvessa.
You finish channelling your searing ray.
Duvessa hits you with a +0 short sword.
You hit Duvessa but do no damage.
Duvessa is poisoned.
You headbutt Duvessa. Duvessa hits you with a +0 short sword!
You hit Duvessa.
Duvessa looks as sick as possible!
Your headbutt misses Duvessa.
Duvessa shouts, "You can run, but you cannot escape us forever!"
Duvessa barely misses you.
Aim: Duvessa, wielding a +0 short sword and wearing a +0 leather armour (severely wounded, extremely poisoned, 83% to hit)
The searing ray hits Duvessa. (Press . to maintain the ray.) Duvessa closely misses you.
The searing ray hits Duvessa.
You kill Duvessa!
You hear a distant wail of despair.
You have reached level 7!
Your demonic ancestry asserts itself...
You feel the presence of a demonic guardian.
(D) Dungeon (T) Temple
Where to? (Enter - D:5, ? - help)
A hound is nearby!
Things that are here:
a +0 ring mail; a +0 flail
Things that are here:
a +0 robe; a +0 dagger
Things that are here:
a +0 dagger; a +0 robe The hound barely misses you.
There is a stone staircase leading up here.
The hound completely misses you.
You fly upwards.
There is a stone staircase leading down here.
You closely miss the hound. The hound barely misses you.
The hound bites you but does no damage.
You closely miss the hound. The hound closely misses you.
You hit the hound.
The hound is poisoned.
You headbutt the hound. The hound misses you. x2
You closely miss the hound. You headbutt the hound.
The hound pauses to sniff the ground.
The hound bites you but does no damage.
You hit the hound.
The hound looks as sick as possible!
You headbutt the hound.
You kill the hound!
You now have 231 gold pieces (gained 8).
There is a stone staircase leading down here.
(D) Dungeon (T) Temple
Where to? (Enter - D:4, ? - help)
What level of the Dungeon? (default 1, ? - help)
There is a stone staircase leading down here.
There is a stone staircase leading up here.
You fly upwards.
There is a stone staircase leading down here.
There is a stone staircase leading up here.
You fly upwards.
There is a stone staircase leading down, spattered with blood here.
You see here a +0 short sword.
There is a stone staircase leading up here.
You fly upwards.
There is a stone staircase leading down here.
There is an open door here.
You reach down and open the door.
There is an open door here.
There is an open door here.
There is a staircase leading out of the dungeon here.
Are you sure you want to leave the Dungeon?
This will make you lose the game!
You have escaped!

###......#.#.#.......# #.....
#....).......#.####..# ######
#.#......#.#'#.......# #...
#.#.......>#.####..#######...
#.#.....##.#'#..........##...
#.#.....##.#.#........#.##...
#.##########'#####..#.#.##...
#.# #######..[#####.#.#.##...
#.###.'.'.'.@.'.+.'.#.#.##...
#.##..#####...#####.#.#.##...
#.##.#### ##'##.....#.#.#####
#.......# #.##....##.#.#
#######.# #'#.......∩#.# #.#
#.#....###.#.# #.####'#....#
###.# ## #.#....#...## #.# #.
#......#.#.# #.# #.


There were no monsters in sight!

Vanquished Creatures
  Duvessa (D:5)
  2 scorpions
  A jelly (D:4)
  A hound (D:4)
  3 iguanas
  Ijyb (D:4)
  5 orc wizards
  5 adders
  3 worms
  7 dart slugs
  4 orcs
  5 ball pythons
  6 endoplasms
  2 giant cockroaches (D:1)
  6 goblins
  3 hobgoblins
  5 quokkas
  7 bats
  7 frilled lizards
  6 kobolds
  5 rats (D:1)
85 creatures vanquished.

Notes
Turn   | Place    | Note
-------+----------+-------------------------------------------
     0 | D:1      | domi the Demonspawn Conjurer began the quest for the Orb.
     0 | D:1      | Reached XP level 1. HP: 13/13 MP: 3/3
    41 | D:1      | Found Taczu's Antique Armour Emporium.
   356 | D:1      | Gained mutation: You regenerate magic rapidly. [demonic
                  | ancestry]
   356 | D:1      | Reached XP level 2. HP: 13/19 MP: 3/5
  1081 | D:2      | Reached skill level 5 in Conjurations
  1084 | D:2      | Learned a level 2 spell: Searing Ray
  1109 | D:2      | Gained mutation: When hurt, damage is shared between your
                  | health and your magic reserves. [demonic ancestry]
  1109 | D:2      | Reached XP level 3. HP: 24/24 MP: 4/6
  1635 | D:3      | Gained mutation: You have a pair of small horns on your
                  | head. [demonic ancestry]
  1635 | D:3      | Reached XP level 4. HP: 30/30 MP: 3/7
  1730 | D:3      | HP: 6/30 [quokka (4)]
  2275 | D:3      | Reached skill level 6 in Conjurations
  2324 | D:3      | Learned a level 4 spell: Iskenderun's Mystic Blast
  2358 | D:3      | Identified the ring "Juarugg" {Fly rN++ Str-4 Int+3 Stlth+}
  2847 | D:4      | Found Ceaty's Book Boutique.
  2864 | D:4      | Reached XP level 5. HP: 35/35 MP: 0/8
  2915 | D:4      | Identified the +1 robe "Watuxila" {Will+}
  2967 | D:4      | Reached skill level 1 in Translocations
  3062 | D:4      | Reached skill level 2 in Translocations
  3062 | D:4      | Gained mutation: You are partially covered in molten
                  | scales. (AC +2) [demonic ancestry]
  3062 | D:4      | Reached XP level 6. HP: 28/41 MP: 0/9
  3110 | D:4      | Found Veiryhia's Magic Scroll Shoppe.
  3356 | D:4      | Reached skill level 7 in Conjurations
  3508 | D:4      | Found a staircase to the Ecumenical Temple.
  3517 | Temple   | Entered the Ecumenical Temple
  3517 | Temple   | Found a transporter.
  3517 | Temple   | Found a transporter.
  3519 | Temple   | Found a transporter.
  3519 | Temple   | Found a transporter.
  3538 | Temple   | Became a worshipper of Gozag Ym Sagoz the Greedy
  3627 | D:4      | Noticed Ijyb
  3630 | D:4      | Paralysed by Ijyb for 4 turns
  3636 | D:4      | Killed Ijyb
  3840 | D:5      | Entered Level 5 of the Dungeon
  3863 | D:5      | Reached skill level 3 in Translocations
  4005 | D:5      | Noticed Duvessa
  4013 | D:5      | Killed Duvessa
  4014 | D:5      | Gained mutation: A weak demonic guardian rushes to your
                  | aid. [demonic ancestry]
  4014 | D:5      | Reached XP level 7. HP: 39/46 MP: 1/10
  4125 | D:$      | Got out of the dungeon alive.

Illustrated notes

Levels and vault maps discovered:
D:1:      minmay_arrival_doors, layout_basic, serial_shops, shop,
          shapermc_ecumenical_altar_petra, supply_closet_lemuel
D:2:      layout_rooms
D:3:      layout_basic, minmay_checkerbox
D:4:      layout_loops_ring, temple_hall, serial_shops, shop_scrolls,
          nicolae_square_shop, uniq_ijyb
D:5:      layout_loops_ring, mainiacjoe_overflow_chevrons, grunt_ministairs_10,
          uniq_duvessa
Temple:   hellmonk_temple_divided_pantheon

Skill      XL: |  1  2  3  4  5  6 |
---------------+-------------------+-----
Conjurations   | 5 6 7 |  7.6
Translocations | 2 3 |  3.7
Dodging        | |  1.7
Stealth        | |  1.7
Spellcasting   | |  2.0

Action                     |  1- 3 |  4- 6 |  7- 9 || total
---------------------------+-------+-------+-------++-------
  Melee: Dagger            |    10 |    50 |     5 ||    65
         Headbutt          |       |    10 |     3 ||    13
   Cast: Magic Dart        |    79 |    56 |       ||   135
         Searing Ray       |     1 |    16 |       ||    17
    Use: Potion            |     1 |     1 |       ||     2
   Stab: Sleeping          |       |     1 |       ||     1
 Armour: Robe              |       |    10 |     2 ||    12
  Dodge: Dodged            |    10 |    23 |     6 ||    39

Table legend: (Time is in decaauts)
 A = Elapsed time spent in this place.
 B = Non-inter-level travel time spent in this place.
 C = Inter-level travel time spent in this place.
 D = Time resting spent in this place.
 E = Time spent auto-exploring this place.
 F = Levels seen in this place.
 G = Mean time per level.
                   A        B        C        D        E       F      G
               +--------+--------+--------+--------+--------+-----+--------+
         Total |   4126 |   3830 |    296 |    338 |   2970 |   6 |  687.7 |
       Dungeon |   4088 |   3792 |    296 |    338 |   2970 |   5 |  817.6 |
        Temple |     37 |     37 |      0 |      0 |      0 |   1 |   37.0 |
               +--------+--------+--------+--------+--------+-----+--------+

Top non-repeatable levels by time:
     D:3: 1222 daAuts
     D:1: 1090 daAuts
     D:4: 1038 daAuts
     D:2: 573 daAuts
     D:5: 163 daAuts
  Temple: 37 daAuts

Table legend:
 A = Kills in this place as a percentage of kills in the entire game.
 B = Kills by you in this place as a percentage of kills by you in the entire game.
 C = Kills by friends in this place as a percentage of kills by friends in the entire game.
 D = Other kills in this place as a percentage of other kills in the entire game.
 E = Experience gained in this place as a percentage of experience gained in the entire game.
 F = Experience gained in this place divided by the number of levels of this place that you have seen.
                   A       B       C       D       E      F
               +-------+-------+-------+-------+-------+----------------------
         Total | 100.0 | 100.0 |   N/A |   N/A | 100.0 | 148.5
       Dungeon | 100.0 | 100.0 |   N/A |   N/A | 100.0 | 178.2
               +-------+-------+-------+-------+-------+----------------------
